 Dungeon Crawl Stone Soup version 0.29-a0-575-g0dc89cf053 (webtiles) character file.

Game seed: 2674435899459034119

174 YayAnonymity the Ruffian (level 5, -2/47 HPs)
             Began as a Ghoul Monk on June 12, 2022.
             Slain by an orc
             ... wielding a +0 dagger
              (3 damage)
             ... while paralysed by Grinder
             ... on level 3 of the Dungeon.
             The game lasted 00:03:38 (2770 turns).

YayAnonymity the Ruffian (Ghoul Monk)               Turns: 2770, Time: 00:03:39

Health: -2/47      AC: 10    Str: 15    XL:     5   Next: 54%
Magic:  4/4        EV:  2    Int:  7    God:
Gold:   155        SH:  0    Dex: 11    Spells: 4/4 levels left

rFire   . . .      SeeInvis .   b - +1 dagger (venom)
rCold   + + .      Faith    .   (no shield)
rNeg    + + +      Spirit   .   m - +0 chain mail
rPois   ∞          Reflect  .   d - +0 helmet
rElec   .          Harm     .   a - +0 cloak
rCorr   .          Rampage  .   (no gloves)
Will    .....                   (no boots)
Stlth   ..........              (no amulet)
HPRegen 0.00/turn               k - ring of protection from cold
MPRegen 0.09/turn               (no ring)

@: paralysed, inhibited regen
A: claws 1, cold resistance 1, negative energy resistance 3, inhibited
regeneration, torment resistance 2, devour on kill
a: no special abilities


You were on level 3 of the Dungeon.
You visited 1 branch of the dungeon, and saw 4 of its levels.

You collected 155 gold pieces.

Inventory:

Hand Weapons
 b - a +1 dagger of venom (weapon)
Armour
 a - a +0 cloak (worn)
 d - a +0 helmet (worn)
 m - a +0 chain mail (worn)
Jewellery
 k - a ring of protection from cold (left claw)
Wands
 q - a wand of digging (7)
 r - a wand of iceblast (8)
Scrolls
 e - 2 scrolls of teleportation {unknown}
 f - a scroll of blinking {unknown}
 h - a scroll of immolation {unknown}
 i - 3 scrolls of identify {unknown}
 j - a scroll of magic mapping {unknown}
 o - a scroll of fog {unknown}
Potions
 c - 3 potions of curing {unknown}
 g - 2 potions of degeneration {unknown}
 l - a potion of heal wounds {unknown}
 n - a potion of ambrosia
 p - a potion of flight {unknown}


   Skills:
 + Level 4.3 Fighting
 + Level 3.5 Dodging
 - Level 2.1 Stealth
 * Level 5.2 Unarmed Combat


You had 4 spell levels left.
You didn't know any spells.
Your spell library contained the following spells:

 Spells                   Type           Power      Damage    Failure   Level
 Animate Armour           Summ/Erth      0%         N/A       100%        4
 Iron Shot                Conj/Erth      0%         9d1       100%        6
 Blade Hands              Tmut           Unusable   N/A       N/A         5

Dungeon Overview and Level Annotations

Branches:
Dungeon (4/15)
 Temple: D:4-7

Altars:

Shops:
D:1 [

Annotations:
D:3 Grinder


Innate Abilities, Weirdness & Mutations

You are immune to poison.
You have sharp fingernails.
Your flesh is cold resistant. (rC+)
You are immune to negative energy. (rN+++)
You do not regenerate when monsters are visible.
You are immune to unholy pain and torment.
You thrive by killing the living.


Message History

You are too injured to fight recklessly!
You are too injured to fight recklessly!
You hit Grinder.
Grinder is lightly wounded.
Grinder hits you but does no damage. The orc hits you with a +0 mace.
You barely miss Grinder.
Grinder is lightly wounded.
Grinder hits you but does no damage. The orc hits you with a +0 mace.
* * * LOW HITPOINT WARNING * * *
You hit Grinder but do no damage. Your claw misses Grinder.
Grinder is lightly wounded.
Grinder hits you.
* * * LOW HITPOINT WARNING * * *
The orc hits you with a +0 dagger.
* * * LOW HITPOINT WARNING * * *
The orc barely misses you.
You closely miss Grinder.
Grinder is lightly wounded.
Grinder barely misses you. The orc hits you but does no damage. x2
You hit Grinder but do no damage. You claw Grinder, but do no damage.
Grinder is lightly wounded.
Grinder hits you but does no damage. The orc hits you but does no damage. x2
You hit Grinder but do no damage.
Grinder is lightly wounded.
Grinder hits you but does no damage. The orc hits you but does no damage. x2
You hit Grinder but do no damage. You claw Grinder.
Grinder is lightly wounded.
Grinder gestures at you.
You suddenly lose the ability to move!
The orc hits you but does no damage. The orc completely misses you.
Grinder hits you but does no damage. The orc hits you but does no damage.
The orc completely misses you. Grinder hits you but does no damage.
The orc hits you but does no damage. The orc hits you with a +0 mace.
* * * LOW HITPOINT WARNING * * *
Grinder barely misses you. The orc hits you but does no damage.
The orc hits you with a +0 mace.
* * * LOW HITPOINT WARNING * * *
Grinder barely misses you. The orc hits you with a +0 dagger.
You die...

#.###### #.# #.#
#.# ########.#
#.# ......)..#
#.# .#######.#
#.# #.# #.#
##########.# #.#
.........o.# #.#
........#5@#####
#.#
.######.#o)....#
#.#
#.##.###.####.#
..# #.##.#
#....<.# ..#
#.##.# ########


.oo #.##.# #o# #.#####.##.# #5# #..........# #.# #######o#### You could see
Grinder and 2 orcs.

Vanquished Creatures
  2 orc wizards
  An iguana (D:2)
  Robin (D:3)
  An adder (D:2)
  A worm (D:2)
  A dart slug (D:2)
  An orc (D:4)
  3 ball pythons
  12 endoplasms
  2 giant cockroaches
  8 goblins
  12 hobgoblins
  2 jackals (D:2)
  5 kobolds
  3 quokkas
  4 bats
  A frilled lizard (D:3)
  6 rats
66 creatures vanquished.

Notes
Turn   | Place    | Note
-------+----------+-------------------------------------------
     0 | D:1      | YayAnonymity the Ghoul Monk began the quest for the Orb.
     0 | D:1      | Reached XP level 1. HP: 19/19 MP: 0/0
   189 | D:1      | Reached XP level 2. HP: 26/26 MP: 1/1
   229 | D:1      | Found Simiag's Antique Armour Boutique.
   733 | D:1      | Found a faded altar of an unknown god.
   883 | D:1      | Reached XP level 3. HP: 31/31 MP: 2/2
   893 | D:1      | Reached skill level 4 in Unarmed Combat
  1672 | D:2      | Reached XP level 4. HP: 40/40 MP: 3/3
  2440 | D:3      | Noticed Robin
  2456 | D:3      | Killed Robin
  2458 | D:3      | Reached XP level 5. HP: 45/46 MP: 4/4
  2604 | D:3      | Noticed Grinder
  2651 | D:4      | Reached skill level 5 in Unarmed Combat
  2766 | D:3      | Paralysed by Grinder for 5 turns
  2769 | D:3      | HP: 1/47 [orc/+0 mace (3)]
  2770 | D:3      | Slain by an orc

Illustrated notes

Levels and vault maps discovered:
D:1:      matt_arrival_refuge, layout_loops_ring, serial_shops, shop,
          shapermc_ecumenical_altar_pompeii, minmay_misc_feat_rugged,
          chequers_serial_rivers_large_a, grunt_decor_resistance
D:2:      layout_loops_ring, minmay_cut_off
D:3:      layout_loops_ring, uniq_robin, uniq_grinder, uniq_jessica
D:4:      layout_gridville, serial_shops, shop_statue, shop, shop_coins

Skill      XL: |  1  2  3  4  5 |
---------------+----------------+-----
Dodging        | 3 |  3.5
Unarmed Combat | 4 5 |  5.2
Fighting       | 4 |  4.3
Stealth        | |  2.1

Action                   |  1- 3 |  4- 6 || total
-------------------------+-------+-------++-------
Melee: Unarmed           |   120 |    43 ||   163
       Punch             |     4 |     5 ||     9
       Dagger            |       |    63 ||    63
 Stab: Sleeping          |     4 |       ||     4
Armor: Robe              |     9 |       ||     9
       Leather armour    |    28 |       ||    28
       Chain mail        |       |    79 ||    79
Dodge: Dodged            |    61 |    42 ||   103

Table legend: (Time is in decaauts)
 A = Elapsed time spent in this place.
 B = Non-inter-level travel time spent in this place.
 C = Inter-level travel time spent in this place.
 D = Time resting spent in this place.
 E = Time spent auto-exploring this place.
 F = Levels seen in this place.
 G = Mean time per level.
                   A        B        C        D        E       F      G
               +--------+--------+--------+--------+--------+-----+--------+
         Total |   2766 |   2634 |    132 |    299 |   1809 |   4 |  691.5 |
       Dungeon |   2766 |   2634 |    132 |    299 |   1809 |   4 |  691.5 |
               +--------+--------+--------+--------+--------+-----+--------+

Top non-repeatable levels by time:
     D:1: 1358 daAuts
     D:2: 1000 daAuts
     D:3: 306 daAuts
     D:4: 101 daAuts
